 Dungeon Crawl Stone Soup version 0.22.1-2-g9c5b331 (webtiles) character file.

653 shakethe the Cudgeler (level 7, -2/44 HPs)
             Began as a Gargoyle Fighter on Nov 19, 2018.
             Killed from afar by an orc wizard (8 damage)
             ... with a puff of flame
             ... on level 4 of the Dungeon.
             The game lasted 00:08:25 (3370 turns).

shakethe the Cudgeler (Gargoyle Fighter)            Turns: 3370, Time: 00:08:26

Health: -2/44      AC: 13    Str: 20    XL:     7   Next: 54%
Magic:  7/7        EV:  5    Int: 10    God:
Gold:   137        SH: 10    Dex:  9    Spells: 6/6 levels left

rFire    . . .     SeeInvis .   a - +0 flail
rCold    . . .     Gourm    .   c - +0 shield
rNeg     + . .     Faith    .   n - +0 chain mail
rPois    ∞         Spirit   .   (no helmet)
rElec    +         Reflect  .   (no cloak)
rCorr    .         Harm     .   (no gloves)
MR       .....                  (no boots)
Stlth    ..........             b - amulet of regeneration
HPRegen  0.54/turn              (no ring)
MPRegen  0.10/turn              (no ring)

@: no status effects
A: negative energy resistance 1, electricity resistance, unbreathing,
petrification resistance, rot immunity, AC +4
a: no special abilities


You were on level 4 of the Dungeon.
You were not hungry.

You visited 1 branch of the dungeon, and saw 4 of its levels.

You collected 137 gold pieces.

Inventory:

Hand Weapons
 a - a +0 flail (weapon)
Armour
 c - a +0 shield (worn)
 n - a +0 chain mail (worn)
Jewellery
 b - an amulet of regeneration (around neck)
Wands
 s - a wand of digging (16)
Scrolls
 e - a scroll of magic mapping {unknown}
 g - 2 scrolls of teleportation {unknown}
 h - 5 scrolls of identify {unknown}
 i - 3 scrolls of enchant weapon {unknown}
 j - 5 scrolls of remove curse {unknown}
 k - 2 scrolls of blinking {unknown}
 t - a scroll of immolation {unknown}
Potions
 d - 2 potions of might
 l - 3 potions of curing {unknown}
 m - a potion of invisibility {unknown}
 o - a potion of cancellation {unknown}
 p - a potion of brilliance {unknown}
 q - a potion of heal wounds {unknown}
Comestibles
 f - 2 rations


   Skills:
 + Level 5.6 Fighting
 * Level 5.7 Maces & Flails
 - Level 3.2 Armour
 + Level 5.5 Shields


You had 6 spell levels left.
You didn't know any spells.
Your spell library was empty.

Dungeon Overview and Level Annotations

Branches:
Dungeon (4/15)
 Temple: D:4-7

Altars:
Elyvilon
Kikubaaqudgha

Annotations:
D:3 1 runed door, Sigmund; teukkam's ghost, amateur MiBe


Innate Abilities, Weirdness & Mutations

You are resistant to torment.
Your stone body is resilient. (AC +4)
You are immune to poison.
You resist negative energy. (rN+)
You are resistant to electric shocks. (rElec)
You can survive without breathing.
You are immune to petrification.
You are immune to rotting.


Message History

The orc priest is almost dead.
The orc wizard hits you with a dagger.
The orc priest calls down the wrath of Beogh upon you.
Beogh smites you!
* * * LOW HITPOINT WARNING * * *
The orc hits you but does no damage.
You hit the orc priest.
The orc priest is almost dead.
The orc wizard hits you but does no damage.
The orc priest hits you but does no damage.
The orc hits you but does no damage. You block the orc wizard's attack.
You hit the orc priest.
You kill the orc priest!
You block the orc's attack. You block the orc wizard's attack.
You sock the orc wizard!
The orc wizard is severely wounded.
The orc hits you but does no damage.
The orc wizard points at you and mumbles some strange words.
The puff of flame hits you!
You die...

<≈<≈≈≈≈........
.≈#≈≈≈≈≈#...... ..
.≈≈≈≈≈≈≈≈......####+##..
$.≈≈≈≈≈≈≈...............
<.≈≈≈≈≈≈..#..##.........
..≈≈≈≈≈≈≈###.##.........
.#≈≈≈≈≈#≈# #.##.........
..≈≈#≈#≈####.##.........
..≈≈≈≈≈.#......)@o......
.?≈≈≈≈≈#..##.##.)o......
≈≈≈≈≈≈#...##..#.........
≈≈≈≈.##.#####.#####.####
.≈≈##.#.# .# .#
.####...# .# # ....###.#
.# ....###.# ........#


You could see an orc wizard and an orc.

Vanquished Creatures
  An ogre (D:4)
  A scorpion (D:4)
  2 vampire bats (D:2)
  An orc priest (D:4)
  3 orc wizards (D:3)
  A centaur skeleton (D:4)
  An iguana (D:4)
  4 worker ants
  A hound skeleton (D:4)
  5 adders
  3 worms
  11 dart slugs
  8 orcs
  3 bat skeletons (D:2)
  A bat zombie (D:2)
  4 giant cockroaches
  3 goblins
  10 hobgoblins
  9 jackals
  4 bats
  7 frilled lizards
  6 kobolds
  7 rats
96 creatures vanquished.

Notes
Turn   | Place    | Note
-------+----------+-------------------------------------------
     0 | D:1      | shakethe the Gargoyle Fighter began the quest for the Orb.
     0 | D:1      | Reached XP level 1. HP: 14/14 MP: 1/1
   236 | D:1      | Reached XP level 2. HP: 19/19 MP: 2/2
  1076 | D:2      | Reached XP level 3. HP: 18/24 MP: 3/3
  1349 | D:2      | Reached XP level 4. HP: 28/29 MP: 4/4
  1516 | D:2      | Found an ancient bone altar of Kikubaaqudgha.
  1543 | D:2      | Reached XP level 5. HP: 34/34 MP: 5/5
  1604 | D:3      | Found a runed door.
  1625 | D:3      | Noticed teukkam's ghost (amateur MiBe)
  1669 | D:3      | Found a faded altar of an unknown god.
  1823 | D:3      | Found a white marble altar of Elyvilon.
  2529 | D:3      | Reached XP level 6. HP: 39/39 MP: 6/6
  2624 | D:3      | Reached skill level 5 in Fighting
  2624 | D:3      | Reached skill level 5 in Shields
  2708 | D:4      | Reached skill level 5 in Maces & Flails
  2708 | D:4      | Reached XP level 7. HP: 41/44 MP: 7/7
  2737 | D:4      | Noticed Sigmund
  3370 | D:4      | Killed from afar by an orc wizard

Skill      XL: |  1  2  3  4  5  6 |
---------------+-------------------+-----
Fighting       | 4 5 |  5.6
Shields        | 4 5 |  5.5
Maces & Flails | 3 4 5 |  5.7
Armour         | |  3.2

Action                   |  1- 3 |  4- 6 |  7- 9 || total
-------------------------+-------+-------+-------++-------
Melee: Flail             |   165 |   248 |    69 ||   482
Throw: Javelin           |       |       |     3 ||     3
  Eat: Chunk             |     1 |     5 |       ||     6
       Ration            |       |       |     1 ||     1
Armor: Scale mail        |    32 |       |       ||    32
       Chain mail        |   101 |   245 |    46 ||   392
Dodge: Dodged            |    52 |    95 |    10 ||   157
Block: Shield            |   116 |   182 |    25 ||   323
